TOP OF THE 1ST |
Temiskaming District Secondary School Saints batting - Pitching for Masconomet HS Chieftans : RHP Roy Wellon
|
Pitching: RHP Roy Wellon
|
|
Batting: RHB George Gardner
|
0-0: Called Strike 0-1: Ball 1-1: Fly out, F6 (Popup, 5D)
|
Batting: RHB Beau McNeill
|
0-0: Fly out, F1 (Popup, 15S)
|
Batting: RHB Fred Moulds
|
0-0: Called Strike 0-1: Foul Ball, location: 2F 0-2: Ball 1-2: SINGLE (Line Drive, 89S)
|
Batting: RHB Juan Encarnación
|
0-0: Ball 1-0: Ball 2-0: SINGLE (Line Drive, 34D) Fred Moulds to second Runner from 2nd tries for 3rd, SAFE, throw made to third
|
Batting: LHB Carlos Músquez
|
0-0: Swinging Strike Balk! Fred Moulds scores Juan Encarnación to second 0-1: Foul Ball, location: 2F 0-2: Strikes out swinging
|
Top of the 1st over - 1 run(s), 2 hit(s), 0 error(s), 1 left on base; Temiskaming District Secondary School 1 - Masconomet HS 0 |
BOTTOM OF THE 1ST |
Masconomet HS Chieftans batting - Pitching for Temiskaming District Secondary School Saints : LHP Phil Bacon
|
Pitching: LHP Phil Bacon
|
|
Batting: RHB Frank Music
|
0-0: Ball 1-0: Ground out U3 (Groundball, 3S)
|
Batting: RHB Tyler Robinson
|
0-0: Ball 1-0: Called Strike 1-1: Ball 2-1: Ball 3-1: Fly out, F3 (Popup, 23F)
|
Batting: RHB Tim Hesse
|
0-0: Ball 1-0: Ball 2-0: Foul Ball, location: 2F 2-1: Ball 3-1: Base on Balls
|
Batting: RHB Clancy Castro
|
0-0: Called Strike 0-1: Foul Ball, location: 2F 0-2: Ball 1-2: Strikes out looking
|
Bottom of the 1st over - 0 run(s), 0 hit(s), 0 error(s), 1 left on base; Temiskaming District Secondary School 1 - Masconomet HS 0 |
TOP OF THE 2ND |
Temiskaming District Secondary School Saints batting - Pitching for Masconomet HS Chieftans : RHP Roy Wellon
|
Batting: RHB Bob Ferguson
|
0-0: Ball 1-0: Foul Ball, location: 2F 1-1: Ball 2-1: Foul Ball, location: 2F 2-2: Ground out 1-3 (Groundball, 13)
|
Batting: RHB John Weber
|
0-0: Called Strike 0-1: Ground out 4-3 (Groundball, 4M)
|
Batting: RHB Elliott Short
|
0-0: Ball 1-0: Ball 2-0: Called Strike 2-1: Called Strike 2-2: Foul Ball, location: 2F 2-2: Strikes out looking
|
Top of the 2nd over - 0 run(s), 0 hit(s), 0 error(s), 0 left on base; Temiskaming District Secondary School 1 - Masconomet HS 0 |
BOTTOM OF THE 2ND |
Masconomet HS Chieftans batting - Pitching for Temiskaming District Secondary School Saints : LHP Phil Bacon
|
Batting: LHB Trent Andrews
|
0-0: Ball 1-0: Fly out, F7 (Line Drive, 7S)
|
Batting: RHB Ryan Beck
|
0-0: Called Strike 0-1: Foul Ball, location: 2F 0-2: Foul Ball, location: 2F 0-2: Ball 1-2: Foul Ball, location: 2F 1-2: DOUBLE (Line Drive, 6M)
|
Batting: RHB António Rojas
|
0-0: Ball 1-0: Ball Wild Pitch! Ryan Beck to third 2-0: Swinging Strike 2-1: Ball 3-1: Foul Ball, location: 2F 3-2: Strikes out looking
|
Batting: SHB Jim Orr
|
0-0: Ball 1-0: Called Strike 1-1: Fly out, F2 (Popup, 2RF)
|
Bottom of the 2nd over - 0 run(s), 1 hit(s), 0 error(s), 1 left on base; Temiskaming District Secondary School 1 - Masconomet HS 0 |
TOP OF THE 3RD |
Temiskaming District Secondary School Saints batting - Pitching for Masconomet HS Chieftans : RHP Roy Wellon
|
Batting: SHB Stanley Ryan
|
0-0: Called Strike 0-1: Called Strike 0-2: Strikes out looking
|
Batting: RHB George Gardner
|
0-0: Foul Ball, location: 2F 0-1: Ground out 4-3 (Groundball, 4M)
|
Batting: RHB Beau McNeill
|
0-0: Ball 1-0: Ball 2-0: Ball 3-0: Base on Balls
|
Batting: RHB Fred Moulds
|
0-0: Ball 1-0: Ball 2-0: Ball 3-0: Called Strike 3-1: Base on Balls Beau McNeill to second
|
Batting: RHB Juan Encarnación
|
0-0: Called Strike 0-1: Ground out 4-3 (Groundball, 34)
|
Top of the 3rd over - 0 run(s), 0 hit(s), 0 error(s), 2 left on base; Temiskaming District Secondary School 1 - Masconomet HS 0 |
BOTTOM OF THE 3RD |
Masconomet HS Chieftans batting - Pitching for Temiskaming District Secondary School Saints : LHP Phil Bacon
|
Batting: LHB David Hebert
|
0-0: Fly out, F8 (Flyball, 8RS)
|
Batting: RHB Frank Music
|
0-0: Ball 1-0: Swinging Strike 1-1: Called Strike 1-2: Ball 2-2: Strikes out swinging
|
Batting: RHB Tyler Robinson
|
0-0: Ball 1-0: Foul Ball, location: 2F 1-1: Fly out, F6 (Popup, 5D)
|
Bottom of the 3rd over - 0 run(s), 0 hit(s), 0 error(s), 0 left on base; Temiskaming District Secondary School 1 - Masconomet HS 0 |
TOP OF THE 4TH |
Temiskaming District Secondary School Saints batting - Pitching for Masconomet HS Chieftans : RHP Roy Wellon
|
Batting: LHB Carlos Músquez
|
0-0: Called Strike 0-1: Ball 1-1: SINGLE (Line Drive, 4D)
|
Batting: RHB Bob Ferguson
|
0-0: Ball 1-0: Called Strike 1-1: Fly out, F3 (Popup, 3)
|
Batting: RHB John Weber
|
0-0: Swinging Strike 0-1: Foul Ball, location: 2F 0-2: Ball 1-2: Ball 2-2: Ball 3-2: Base on Balls Carlos Músquez to second
|
Batting: RHB Elliott Short
|
0-0: Ball 1-0: Ball 2-0: Called Strike 2-1: Ball 3-1: Base on Balls Carlos Músquez to third John Weber to second
|
Batting: SHB Stanley Ryan
|
0-0: Called Strike 0-1: Called Strike 0-2: Grounds into double play, 4-6-3 (Groundball, 4)
|
Top of the 4th over - 0 run(s), 1 hit(s), 0 error(s), 2 left on base; Temiskaming District Secondary School 1 - Masconomet HS 0 |
BOTTOM OF THE 4TH |
Masconomet HS Chieftans batting - Pitching for Temiskaming District Secondary School Saints : LHP Phil Bacon
|
Batting: RHB Tim Hesse
|
0-0: Called Strike 0-1: Swinging Strike 0-2: Strikes out looking
|
Batting: RHB Clancy Castro
|
0-0: Ball 1-0: Called Strike 1-1: Ball 2-1: Called Strike 2-2: Ball 3-2: Foul Ball, location: 2F 3-2: Ground out 6-3 (Groundball, 6)
|
Batting: LHB Trent Andrews
|
0-0: Ball 1-0: Ball 2-0: Called Strike 2-1: Foul Ball, location: 2F 2-2: Ball 3-2: Base on Balls
|
Batting: RHB Ryan Beck
|
0-0: Foul Ball, location: 2F 0-1: DOUBLE (Line Drive, 3D) Trent Andrews to third
|
Batting: RHB António Rojas
|
0-0: Ball 1-0: Called Strike 1-1: Ground out U3 (Groundball, 3)
|
Bottom of the 4th over - 0 run(s), 1 hit(s), 0 error(s), 2 left on base; Temiskaming District Secondary School 1 - Masconomet HS 0 |
TOP OF THE 5TH |
Temiskaming District Secondary School Saints batting - Pitching for Masconomet HS Chieftans : RHP Roy Wellon
|
Batting: RHB George Gardner
|
0-0: Hit by Pitch
|
Batting: RHB Beau McNeill
|
0-0: Called Strike George Gardner is caught stealing 2nd base 0-1: Called Strike 0-2: Ball 1-2: Ground out 4-3 (Groundball, 4M)
|
Batting: RHB Fred Moulds
|
0-0: Ball 1-0: Foul Ball, location: 2F 1-1: Called Strike 1-2: Ball 2-2: Ground out 6-3 (Groundball, 6)
|
Top of the 5th over - 0 run(s), 0 hit(s), 0 error(s), 0 left on base; Temiskaming District Secondary School 1 - Masconomet HS 0 |
BOTTOM OF THE 5TH |
Masconomet HS Chieftans batting - Pitching for Temiskaming District Secondary School Saints : LHP Phil Bacon
|
Batting: SHB Jim Orr
|
0-0: Called Strike 0-1: Foul Ball, location: 2F 0-2: Ball 1-2: Ball 2-2: Ball 3-2: Base on Balls
|
Batting: LHB David Hebert
|
0-0: Ball 1-0: Swinging Strike 1-1: Foul Ball, location: 2F 1-2: Ball 2-2: Foul Ball, location: 2F 2-2: Foul Ball, location: 2F 2-2: Ball 3-2: Foul Ball, location: 2F 3-2: SINGLE (Line Drive, 4D) Jim Orr to second
|
Batting: RHB Frank Music
|
0-0: Called Strike 0-1: Swinging Strike 0-2: Fly out, F8 (Flyball, 8LM)
|
Pitching: RHP Fernando Mata
|
|
Batting: RHB Tyler Robinson
|
0-0: SINGLE (Line Drive, 78S) Jim Orr to third David Hebert to second Runner from 3rd tries for Home, SAFE, throw made home David Hebert to third Tyler Robinson to second
|
Batting: RHB Tim Hesse
|
0-0: Ball 1-0: Ball Wild Pitch! David Hebert scores Tyler Robinson to third 2-0: Called Strike 2-1: Ball 3-1: Foul Ball, location: 2F 3-2: Strikes out swinging
|
Batting: RHB Clancy Castro
|
0-0: Fly out, F9 (Flyball, 89M)
|
Bottom of the 5th over - 2 run(s), 2 hit(s), 0 error(s), 1 left on base; Temiskaming District Secondary School 1 - Masconomet HS 2 |
TOP OF THE 6TH |
Temiskaming District Secondary School Saints batting - Pitching for Masconomet HS Chieftans : RHP Roy Wellon
|
Batting: RHB Juan Encarnación
|
0-0: Called Strike 0-1: Foul Ball, location: 2F 0-2: Ball 1-2: Ball 2-2: Strikes out swinging
|
Batting: LHB Carlos Músquez
|
0-0: Ball 1-0: Ball 2-0: Swinging Strike 2-1: SINGLE (Line Drive, 34)
|
Pitching: RHP Danny Owen
|
|
Batting: RHB Bob Ferguson
|
0-0: Ground out 5-3 (Groundball, 56) Carlos Músquez to second
|
Batting: RHB John Weber
|
0-0: Swinging Strike 0-1: Ball 1-1: Ground out 5-3 (Groundball, 5)
|
Top of the 6th over - 0 run(s), 1 hit(s), 0 error(s), 1 left on base; Temiskaming District Secondary School 1 - Masconomet HS 2 |
BOTTOM OF THE 6TH |
Masconomet HS Chieftans batting - Pitching for Temiskaming District Secondary School Saints : RHP Fernando Mata
|
Batting: LHB Trent Andrews
|
0-0: Foul Ball, location: 2F 0-1: Ball 1-1: Fly out, F5 (Line Drive, 56S)
|
Batting: RHB Ryan Beck
|
0-0: Ball 1-0: Swinging Strike 1-1: Ground out 6-3 (Groundball, 6M)
|
Batting: RHB António Rojas
|
0-0: Ball 1-0: Foul Ball, location: 2F 1-1: SINGLE (Groundball, 4M)
|
Batting: SHB Jim Orr
|
0-0: Ball 1-0: Foul Ball, location: 2F 1-1: Called Strike 1-2: Fly out, F8 (Flyball, 8LM)
|
Bottom of the 6th over - 0 run(s), 1 hit(s), 0 error(s), 1 left on base; Temiskaming District Secondary School 1 - Masconomet HS 2 |
TOP OF THE 7TH |
Temiskaming District Secondary School Saints batting - Pitching for Masconomet HS Chieftans : RHP Danny Owen
|
Batting: RHB Elliott Short
|
0-0: Called Strike 0-1: Ground out 4-3 (Groundball, 4)
|
Batting: SHB Stanley Ryan
|
0-0: Called Strike 0-1: Ball 1-1: Swinging Strike 1-2: Strikes out looking
|
Batting: RHB George Gardner
|
0-0: Ball 1-0: Ball 2-0: Ball 3-0: Called Strike 3-1: Base on Balls
|
Batting: RHB Beau McNeill
|
0-0: Called Strike 0-1: Ball 1-1: Reached on error, E6 (Groundball, 6) George Gardner to third
|
Batting: RHB Fred Moulds
|
0-0: Ball 1-0: Swinging Strike 1-1: Ground out 5-3 (Groundball, 5L)
|
Top of the 7th over - 0 run(s), 0 hit(s), 1 error(s), 2 left on base; Temiskaming District Secondary School 1 - Masconomet HS 2 |
BOTTOM OF THE 7TH |
Masconomet HS Chieftans batting - Pitching for Temiskaming District Secondary School Saints : RHP Fernando Mata
|
Batting: LHB David Hebert
|
0-0: SINGLE (Flyball, 7S)
|
Batting: RHB Frank Music
|
0-0: Bunted foul 0-1: Sac Bunt - play at first, batter OUT! 1-4 David Hebert to second
|
Pitching: RHP Tony Torres
|
|
Batting: RHB Tyler Robinson
|
0-0: Ball 1-0: Called Strike 1-1: Foul Ball, location: 2F 1-2: Ball 2-2: Fly out, F3 (Popup, 23)
|
Batting: RHB Tim Hesse
|
0-0: Ball 1-0: Ball 2-0: Ball 3-0: Called Strike 3-1: SINGLE (Groundball, 56D) David Hebert to third Runner from 3rd tries for Home, SAFE, no throw or cutoff
|
Batting: RHB Clancy Castro
|
0-0: Ball 1-0: Called Strike 1-1: Foul Ball, location: 2F 1-2: Foul Ball, location: 2F 1-2: Ball 2-2: Ball 3-2: Base on Balls Tim Hesse to second
|
Batting: LHB Trent Andrews
|
0-0: Called Strike 0-1: Fielders Choice at 2nd, U6 (Groundball, 6M)
|
Bottom of the 7th over - 1 run(s), 2 hit(s), 0 error(s), 2 left on base; Temiskaming District Secondary School 1 - Masconomet HS 3 |
TOP OF THE 8TH |
Temiskaming District Secondary School Saints batting - Pitching for Masconomet HS Chieftans : RHP Danny Owen
|
Batting: RHB Juan Encarnación
|
0-0: Called Strike 0-1: Foul Ball, location: 2F 0-2: Foul Ball, location: 2F 0-2: Strikes out looking
|
Pitching: RHP Dan Garrett
|
|
Batting: LHB Carlos Músquez
|
0-0: Ball 1-0: Fly out, F7 (Line Drive, 7M)
|
Batting: RHB Bob Ferguson
|
0-0: Fly out, F9 (Flyball, 9M)
|
Top of the 8th over - 0 run(s), 0 hit(s), 0 error(s), 0 left on base; Temiskaming District Secondary School 1 - Masconomet HS 3 |
BOTTOM OF THE 8TH |
Masconomet HS Chieftans batting - Pitching for Temiskaming District Secondary School Saints : RHP Tony Torres
|
Batting: RHB Ryan Beck
|
0-0: Ball 1-0: Called Strike 1-1: Ball 2-1: SOLO HOME RUN (Flyball, 7D), Distance : 408 ft
|
Batting: RHB António Rojas
|
0-0: Ball 1-0: Called Strike 1-1: Ball 2-1: Ball 3-1: Base on Balls
|
Batting: SHB Jim Orr
|
0-0: Bunted foul 0-1: Ball 1-1: Bunted foul 1-2: Ball 2-2: Fielders Choice at 2nd, 4-6 (Groundball, 34)
|
Batting: LHB David Hebert
|
0-0: Called Strike 0-1: Ball 1-1: Ball 2-1: Ball 3-1: Base on Balls Jim Orr to second
|
Batting: RHB Frank Music
|
0-0: Ball 1-0: Called Strike 1-1: SINGLE (Groundball, 6MD) Jim Orr to third David Hebert to second Runner from 3rd tries for Home, SAFE, throw made at trailing runner, SAFE at third!
|
Batting: RHB Tyler Robinson
|
0-0: Ball 1-0: Ball 2-0: Foul Ball, location: 2F 2-1: Ball 3-1: Base on Balls Frank Music to second
|
Batting: RHB Tim Hesse
|
0-0: Fly out, F8 (Flyball, 8LM)
|
Batting: RHB Clancy Castro
|
0-0: Ball 1-0: Called Strike 1-1: Ball 2-1: Ball Balk! David Hebert scores Frank Music to third Tyler Robinson to second 3-1: Base on Balls
|
Pitching: LHP François Séguin
|
|
Batting: LHB Trent Andrews
|
0-0: Called Strike 0-1: Ball 1-1: Ball 2-1: Foul Ball, location: 2F 2-2: Ball 3-2: Foul Ball, location: 2F 3-2: Base on Balls Frank Music scores Tyler Robinson to third Clancy Castro to second
|
Batting: RHB Ryan Beck
|
0-0: Swinging Strike 0-1: Ball 1-1: Ball 2-1: Ball 3-1: Base on Balls Tyler Robinson scores Clancy Castro to third Trent Andrews to second
|
Batting: RHB António Rojas
|
0-0: Called Strike 0-1: Called Strike 0-2: Foul Ball, location: 2F 0-2: Foul Ball, location: 2F 0-2: Strikes out swinging
|
Bottom of the 8th over - 5 run(s), 2 hit(s), 0 error(s), 3 left on base; Temiskaming District Secondary School 1 - Masconomet HS 8 |
TOP OF THE 9TH |
Temiskaming District Secondary School Saints batting - Pitching for Masconomet HS Chieftans : RHP Dan Garrett
|
Now in LF: Lee Justice
|
|
Batting: RHB John Weber
|
0-0: Ball 1-0: Ball 2-0: Swinging Strike 2-1: Foul Ball, location: 2F 2-2: Ball 3-2: Strikes out swinging
|
Batting: RHB Elliott Short
|
0-0: Ball 1-0: Foul Ball, location: 2F 1-1: Ball 2-1: Ball 3-1: Called Strike 3-2: SINGLE (Groundball, 6MD)
|
Batting: SHB Stanley Ryan
|
0-0: Ball 1-0: Foul Ball, location: 2F 1-1: Ball 2-1: Foul Ball, location: 2F 2-2: Ball 3-2: Base on Balls Elliott Short to second
|
Batting: RHB George Gardner
|
0-0: Ball 1-0: Ball 2-0: Foul Ball, location: 2F 2-1: Foul Ball, location: 2F 2-2: Ball 3-2: Strikes out swinging
|
Batting: RHB Beau McNeill
|
0-0: Ball 1-0: Swinging Strike 1-1: Swinging Strike 1-2: Ball 2-2: Strikes out looking
|
Top of the 9th over - 0 run(s), 1 hit(s), 0 error(s), 2 left on base; Temiskaming District Secondary School 1 - Masconomet HS 8 |
|